 Dungeon Crawl Stone Soup version 0.30.1-9-gdf580d7c3d (webtiles) character file.

Game seed: 16930199292865742721

695 Nonny the Cudgeller (level 7, -4/44 HPs)
             Began as a Gargoyle Cinder Acolyte on Oct 25, 2023.
             Was a High Priest of Ignis.
             Slain by an ogre
             ... wielding a +0 giant club
              (19 damage)
             ... on level 5 of the Dungeon.
             The game lasted 00:10:21 (4284 turns).

Nonny the Cudgeller (Gargoyle Cinder Acolyte)       Turns: 4284, Time: 00:10:21

Health: -4/44      AC: 22    Str: 20    XL:     7   Next: 64%
Magic:  17/17      EV:  8    Int: 14    God:    Ignis [*****.]
Gold:   413        SH:  0    Dex:  5    Spells: 8/8 levels left

rFire   + . .        a - +0 mace (flame)
rCold   . . .        (no shield)
rNeg    + . .        f - +0 chain mail
rPois   ∞            (no helmet)
rElec   +            d - scarf {repulsion}
rCorr   .            i - +0 pair of gloves
SInv    .            (no boots)
Will    .....        (no amulet) Stlth
                     h - ring of magical power
HPRegen 0.27/turn    (no ring)
MPRegen 0.15/turn

%: repel missiles
@: fiery-armoured
A: sickness immunity, AC +4, negative energy resistance 1, electricity
resistance, torment resistance 1, petrification resistance
a: Renounce Religion, Fiery Armour, Foxfire Swarm, Rising Flame


You were on level 5 of the Dungeon.
You worshipped Ignis.
Ignis was extremely pleased with you.
You visited 1 branch of the dungeon, and saw 5 of its levels.
You also visited: Sewer.

You collected 413 gold pieces.

Inventory:

Hand Weapons
 a - a +0 mace of flaming (weapon)
Missiles
 o - 2 throwing nets (quivered)
Armour
 d - a scarf of repulsion (worn)
 e - the +1 leather armour of Amorality {rN++}
   (You found it in a sewer)

   rN:        It greatly protects you from negative energy.
 f - a +0 chain mail (worn)
 i - a +0 pair of gloves (worn)
Magical Staves
 l - a staff of earth
Jewellery
 h - a ring of magical power (left hand)
Scrolls
 b - a scroll of teleportation
 k - a scroll of blinking
 m - a scroll of fear {unknown}
 n - a scroll of enchant armour
Potions
 c - a potion of brilliance
 g - a potion of attraction {unknown}
 j - 2 potions of haste {unknown}
 p - 2 potions of curing


   Skills:
 + Level 5.3 Fighting
 + Level 6.4 Maces & Flails
 + Level 4.4 Armour
 - Level 1.0 Spellcasting
 - Level 3.0 Fire Magic


You had 8 spell levels left.
You didn't know any spells.
Your spell library contained the following spells:

 Spells                   Type           Power      Damage    Failure   Level
 Scorch                   Fire           18%        2d6       63%         2
 Apportation              Tloc           0%         N/A       88%         1
 Sandblast                Erth           0%         2d4       88%         1
 Passwall                 Tmut/Erth      0%         N/A       96%         2
 Portal Projectile        Hex/Tloc       0%         N/A       99%         3
 Stone Arrow              Conj/Erth      0%         3d7       99%         3
 Tukima's Dance           Hex            0%         N/A       99%         3
 Alistair's Intoxication  Tmut/Pois      0%         N/A       100%        5
 Blade Hands              Tmut           0%         N/A       100%        5
 Iskenderun's Battlesphe  Conj           0%         2d6       100%        5
 Iron Shot                Conj/Erth      0%         9d1       100%        6
 Spellforged Servitor     Conj/Summ      0%         N/A       100%        7


Dungeon Overview and Level Annotations

Branches:
Dungeon (5/15)             Temple (0/1) D:4           Sewer (visited)

Altars:
Ashenzari
Dithmenos
Elyvilon
Nemelex Xobeh
Okawaru
Yredelemnul


Innate Abilities, Weirdness & Mutations

You are immune to sickness and miasma.
Your stone body is resilient. (AC +4)
You are immune to poison.
You resist negative energy. (rN+)
You are resistant to electric shocks. (rElec)
You are resistant to unholy torment.
You are immune to petrification.


Message History

You kill the gnoll!
The gnoll hits you but does no damage. The gnoll barely misses you.
The gnoll hits you but does no damage.
The gnoll is burned by your cloak of flames.
The gnoll is lightly wounded.
Unknown command.
Unknown command.
You sock the gnoll! You burn the gnoll.
You kill the gnoll!
The gnoll hits you but does no damage.
The gnoll is burned by your cloak of flames.
The gnoll is lightly wounded.
Unknown command.
Press: ? - help, v - describe, . - travel, g - get item Item here: a +1 halberd of freezing.
The floor, spattered with blood.
You hit the gnoll. You burn the gnoll.
The gnoll is heavily wounded.
The gnoll hits you but does no damage.
The gnoll is burned by your cloak of flames.
The gnoll is severely wounded.
You sock the gnoll! You burn the gnoll.
You kill the gnoll!
o - 2 throwing nets
Things that are here:
a +0 spear; a gnoll corpse An ogre comes into view.
It is wielding a +0 giant club.
The ogre shouts!
You see here a +1 halberd of freezing.
Things that are here:
a +0 whip; a gnoll corpse You hit the ogre.
You burn the ogre.
The ogre is lightly wounded.
The ogre hits you but does no damage.
The ogre is burned by your cloak of flames.
The ogre is moderately wounded.
You sock the ogre! You burn the ogre.
The ogre is heavily wounded.
The ogre hits you with a +0 giant club!!
You die...

..... .... .....
......... .....
........... .## .....
#.......... ..# .....
####.......... ...#
.....##...........# ...
.........#....##.###..#
..###.##.# #....O#.#..#
#<.#..###....@.....#
#..#...##.#...))##....
##.....).)#..)..# ..
#........[.....###...
#....................
#...................#
####....................
.....................#.#
...#..>..............# .


You could see an ogre.

Vanquished Creatures
  An ice beast (D:5)
  An ogre (D:5)
  2 bullfrogs (Sewer)
  A scorpion (D:4)
  A hound (D:4)
  A gnoll bouda (D:5)
  8 adders
  7 gnolls
  An ufetubus (D:4)
  5 worms
  A dart slug (D:1)
  3 orcs (D:3)
  12 ball pythons
  6 bats
  4 endoplasms
  15 giant cockroaches
  11 goblins
  9 hobgoblins
  11 quokkas
  18 frilled lizards
  7 kobolds
  5 rats
130 creatures vanquished.

Notes
Turn   | Place    | Note
-------+----------+-------------------------------------------
     0 | D:1      | Nonny the Gargoyle Cinder Acolyte began the quest for the
                  | Orb.
     0 | D:1      | Reached XP level 1. HP: 14/14 MP: 2/2
   115 | D:1      | Starting vault: forest trail.
   248 | D:1      | Reached XP level 2. HP: 17/19 MP: 3/3
   594 | D:1      | Reached XP level 3. HP: 22/24 MP: 4/4
  1413 | D:2      | Reached skill level 4 in Maces & Flails
  1413 | D:2      | Reached XP level 4. HP: 25/29 MP: 5/5
  1418 | D:2      | Reached skill level 1 in Armour
  1430 | D:2      | HP: 1/29 [gnoll/+0 flail (7)]
  1607 | D:2      | staff of earth
  1774 | D:3      | Found a basalt altar of Yredelemnul.
  1777 | D:3      | Found a shadowy altar of Dithmenos.
  1844 | D:3      | Reached XP level 5. HP: 33/34 MP: 6/6
  2013 | D:3      | Found an iron altar of Okawaru.
  2294 | D:3      | Found a white marble altar of Elyvilon.
  2449 | D:3      | Found a faded altar of an unknown god.
  2590 | D:4      | Found a broken altar of Ashenzari.
  2669 | D:4      | Found a glowing drain.
  2684 | Sewer    | Entered a sewer
  2934 | Sewer    | Reached skill level 5 in Maces & Flails
  3026 | Sewer    | Reached XP level 6. HP: 18/40 MP: 7/7
  3075 | Sewer    | Identified the +1 leather armour of Amorality {rN++}
  3295 | D:4      | Reached skill level 5 in Fighting
  3518 | D:4      | Found a staircase to the Ecumenical Temple.
  3741 | D:4      | Reached XP level 7. HP: 42/44 MP: 8/8
  3948 | D:4      | Found a sparkling altar of Nemelex Xobeh.
  4184 | D:5      | Entered Level 5 of the Dungeon
  4206 | D:5      | Reached skill level 6 in Maces & Flails
  4284 | D:5      | Slain by an ogre

Illustrated notes

♣♣ ♣♣≈≈≈~♣♣ ♣♣(.# ♣
♣♣♣≈~~♣♣♣ ♣♣♣.##
♣♣♣
♣♣♣..≈~≈♣♣♣♣♣♣.)##
..♣♣
♣♣♣...♣♣~♣♣♣.....##
♣♣.♣♣ ♣♣...♣♣♣
♣♣.....###
♣♣.♣♣♣.♣♣♣♣
♣♣.....# ♣♣♣♣...♣♣
♣♣♣....### ....♣♣♣♣
♣.....## ♣♣♣♣♣
♣.♣.@..# ♣
♣.......#
♣....##....# ...#
#....# .. +...... .
#....### ......
.......


Turn 115 on D:1: Starting vault: forest trail. ####### #....@# #.....# #.....#
#. #...^.# #... #.....# #... #..†..### #..# ####....## #.. ###...###### ####..
#........###..... Turn 1607 on D:2: staff of earth

Levels and vault maps discovered:
D:1:      kilobyte_arrival_exit_the_forest, layout_basic, minmay_3d_cube
D:2:      layout_rooms
D:3:      kennysheep_six_static_rooms, layout_loops_ring, okawaru_gym_becter,
          mainiacjoe_overflow_surrounded_room, nicolae_overflow_squiral,
          hellmonk_ecumenical_altar_pennies_from_heaven,
          kennysheep_generic_room_7
D:4:      layout_loops_corners, lemuel_coloured_pillars_altar,
          nicolae_ashenzari_panopticon, minmay_temple_entry_from_below_a,
          portal_sewer_entry_d, chequers_serial_rivers_micro_e
D:5:      layout_cave_pools

Skill      XL: |  1  2  3  4  5  6  7 |
---------------+----------------------+-----
Fighting       | 4 5 |  5.3
Maces & Flails | 4 5 6 |  6.4
Armour         | 1 2 3 4 |  4.4
Spellcasting   | |  1.0
Fire Magic     | |  3.0

Action                     |  1- 3 |  4- 6 |  7- 9 || total
---------------------------+-------+-------+-------++-------
  Melee: Mace              |   143 |   190 |    32 ||   365
         Punch             |     1 |     3 |     1 ||     5
         Flail             |       |    69 |       ||    69
 Invoke: Fiery Armour      |       |     2 |     1 ||     3
    Use: Scroll            |     2 |     7 |       ||     9
 Armour: Robe              |    33 |       |       ||    33
         Scale mail        |    39 |    60 |       ||    99
         Chain mail        |       |   151 |    22 ||   173
  Dodge: Dodged            |    85 |   167 |    17 ||   269
